 Dungeon Crawl Stone Soup version 0.31-a0-640-g39d97e502b (webtiles) character file.

Game seed: 3899571870411384861

82 MackTheKnife the Magician (level 4, -7/24 HPs)
             Began as a Deep Elf Wanderer on Aug 27, 2023.
             Mangled by an iguana (12 damage)
             ... on level 2 of the Dungeon.
             The game lasted 00:02:56 (2823 turns).

MackTheKnife the Magician (Deep Elf Wanderer)       Turns: 2823, Time: 00:02:57

Health: -7/24      AC:  3    Str:  6    XL:     4   Next: 21%
Magic:  8/13       EV: 12    Int: 22    God:
Gold:   55         SH:  0    Dex: 14    Spells: 11/13 levels left

rFire   . . .        l - +1 whip (elec) {mace}
rCold   . . .        (no shield)
rNeg    . . .        c - +0 robe
rPois   .            (no helmet)
rElec   .            d - +0 cloak
rCorr   .            (no gloves)
SInv    .            (no boots)
Will    .....        (no amulet)
Stlth   +++          (no ring)
HPRegen 0.24/turn    (no ring)
MPRegen 0.13/turn

%: no passive effects
@: no status effects
A: no striking features
a: no special abilities


You were on level 2 of the Dungeon.
You visited 1 branch of the dungeon, and saw 2 of its levels.

You collected 55 gold pieces.


   Skills:
 - Level 1.0 Throwing
 - Level 1.2 Dodging
 - Level 4.0 Stealth
 - Level 5.3 Spellcasting
 + Level 1.0 Fire Magic
 - Level 4.3 Poison Magic
 - Level 1.1 Evocations


You had 11 spell levels left.
You knew the following spells:

 Your Spells              Type           Power      Damage    Failure   Level
a - Sting                 Tmut/Pois      60%        1d6       4%          1
b - Foxfire               Conj/Fire      32%        2x1d5     8%          1

Your spell library contained the following spells:

 Spells                   Type           Power      Damage    Failure   Level
 Cigotuvi's Dreadful Rot  Necr/Pois/Air  24%        N/A       9%          2
 Summon Small Mammal      Summ           20%        N/A       10%         1
 Ignite Poison            Fire/Tmut/Pois 13%        N/A       14%         3
 Volatile Blastmotes      Fire/Tloc      16%        2d11      24%         3
 Call Canine Familiar     Summ           5%         N/A       30%         3
 Dazzling Flash           Conj/Hex       10%        N/A       30%         3
 Summon Guardian Golem    Hex/Summ       5%         N/A       30%         3
 Anguish                  Hex/Necr       2%         N/A       69%         4
 Alistair's Intoxication  Tmut/Pois      10%        N/A       73%         5
 Silence                  Hex/Air        2%         N/A       95%         5

Inventory:

Hand Weapons
 l - a +1 whip of electrocution (weapon) {mace}
   (You took it off a kobold on level 2 of the Dungeon)
Armour
 c - a +0 robe (worn)
 d - a +0 cloak (worn)
Scrolls
 a - a scroll of teleportation {unknown}
 b - 5 scrolls of fog
 e - a scroll of acquirement {unknown}
 f - 2 scrolls of identify {unknown}
 k - a scroll of amnesia {unknown}
Potions
 g - a potion of heal wounds {unknown}
 i - a potion of mutation {unknown}
 j - a potion of attraction {unknown}

Dungeon Overview and Level Annotations

Branches:
Dungeon (2/15) Zot: 9177

Altars:

### ######## ..# ##
#......#.P..#..
#.########..##. #
#........#P.##. .#
#.####...#..##. ##.## #.#
#...#..##.## #.#.#.
#.########..#.l@## #P.#. .
##......#P.P.#.#.v##... .#.
#..)###.#...#####..###.#.#.
### ....# #.#
####.#.....#P#.#.P #.#
###.# ### #...#.###.#.#P
#.# # #.# ##....#b..#.#b
#.# #.# ####.##..#.#b #.#
#.# ### #.# #P#.#P #.# #
#.# ##.## #.# ##.## ##.#


You could see an iguana (ally target).


Message History

😎 MP[-1]
You lost 1 mp, and now have 9/13 mp.
You conjure some foxfire!
The foxfire hits the worm.
You kill the worm!
Your Fire Magic skill increases to level 1! 😎 MP[-1]
You lost 1 mp, and now have 8/13 mp.
You conjure some foxfire! 😎 MP[-1]
You lost 1 mp, and now have 7/13 mp.
You see here a worm corpse.
Key pressed, stopping explore.
A kobold comes into view.
It is wielding a +1 whip of electrocution.
The kobold shouts!
The kobold moves out of view. 😎 MP[+6]
Your mp is fully restored (13).
A kobold is nearby!
A kobold is nearby!
You conjure some foxfire!
The kobold barely misses you. 😎 MP[-1]
You lost 1 mp, and now have 12/13 mp.
You conjure some foxfire!
The foxfire hits the kobold.
You kill the kobold! 😎 MP[-1]
You lost 1 mp, and now have 11/13 mp.
You conjure some foxfire! 😎 MP[-1]
You lost 1 mp, and now have 10/13 mp.
Things that are here:
a +1 whip of electrocution {mace}; a kobold corpse 😎 MP[+3]
Your mp is fully restored (13).
l - a +1 whip of electrocution {mace} Your +1 dagger of venom {short} stops dripping with poison.
You hear the crackle of electricity.
l - a +1 whip of electrocution (weapon)
{mace} You drop a +1 dagger of venom {short}.
Key pressed, stopping explore.
Key pressed, stopping explore.
Key pressed, stopping explore.
You see here a +0 whip {mace}.
You see here a +0 whip {mace}.
You see here a +0 dagger {short}.
Key pressed, stopping explore.
An iguana comes into view.
An iguana is nearby!
An iguana is nearby!
An iguana is nearby!
You conjure some foxfire! 😎 MP[-1]
You lost 1 mp, and now have 12/13 mp.
You conjure some foxfire!
The iguana hisses angrily.
The foxfire hits the iguana. 😎 MP[-1]
You lost 1 mp, and now have 11/13 mp.
There is not enough space to conjure foxfire!
There is not enough space to conjure foxfire!
There is not enough space to conjure foxfire!
Unknown command.
The foxfire hits the iguana. x2
The foxfire hits the iguana but does no damage.
The iguana bites you. 😕 HP[-1]
You take 1 damage, and now have 23/24 hp.
You conjure some foxfire!
The iguana barely misses you. 😕 MP[-1]
You lost 1 mp, and now have 10/13 mp.
You conjure some foxfire!
The foxfire hits the iguana but does no damage.
The iguana bites you. 😮 HP[-5] MP[-1]
You take 5 damage, and now have 18/24 hp.
MASSIVE DAMAGE!! (PAUSE)
You lost 1 mp, and now have 9/13 mp.
The foxfire hits the iguana.
The foxfire hits the iguana but does no damage.
The iguana bites you!
* * * LOW HITPOINT WARNING * * *
😨 HP[-6] MP[+1]
You take 6 damage, and now have 12/24 hp.
MASSIVE DAMAGE!! (PAUSE)
You are too injured to fight recklessly!
Unknown command.
Casting: Foxfire (safe; 8% risk of failure)
Confirm with . or Enter, or press ? or * to list all spells.
You conjure some foxfire!
The iguana bites you!
* * * LOW HITPOINT WARNING * * *
😱 HP[-7] MP[-1]
You take 7 damage, and now have 5/24 hp.
MASSIVE DAMAGE!! (PAUSE)
You lost 1 mp, and now have 9/13 mp.
Casting: Foxfire (safe; 8% risk of failure)
Confirm with . or Enter, or press ? or * to list all spells.
You conjure some foxfire!
The foxfire hits the iguana but does no damage. x2
The iguana bites you!
Ouch! That really hurt!
You die...

Skill      XL: |  1  2  3  4 |
---------------+-------------+-----
Stealth        | 2 3 4 |  4.0
Spellcasting   | 5 |  5.3
Fire Magic     | 1 |  1.0
Throwing       | |  1.0
Dodging        | |  1.2
Poison Magic   | |  4.3
Evocations     | |  1.1

Action                     |  1- 3 |  4- 6 || total
---------------------------+-------+-------++-------
  Melee: Dagger            |    10 |     1 ||    11
         Punch             |     1 |       ||     1
   Cast: Sting             |    93 |       ||    93
         Foxfire           |     6 |    31 ||    37
 Armour: Robe              |    16 |       ||    16
  Dodge: Dodged            |    28 |     5 ||    33

Levels and vault maps discovered:
D:1:      arrival_aquarium_a, layout_basic, serial_bayou_pond_e,
          columned_hall_lemuel
D:2:      minmay_alternating_diamond, layout_loops_ring, serial_aquarium,
          aquarium_bridge_square [aquarium_subvault_wall,
          aquarium_subvault_bridge, aquarium_subvault_balcony,
          aquarium_subvault_bridge], aquarium_window_corridor_1,
          aquarium_window_fake, aquarium_window_fake, aquarium_window_corner,
          aquarium_view_2c, aquarium_balcony_3a, solitary_fountain

Notes
Turn   | Place    | Note
-------+----------+-------------------------------------------
     0 | D:1      | MackTheKnife the Deep Elf Wanderer began the quest for the
                  | Orb.
     0 | D:1      | MackTheKnife set off with the following items: a +0 dagger
                  | {short}, a scroll of fog, a +0 robe, a +0 cloak; and the
                  | following spells available to memorise: Sting, Cigotuvi's
                  | Dreadful Rot, Foxfire, Ignite Poison, Volatile Blastmotes.
     0 | D:1      | Reached XP level 1. HP: 10/10 MP: 7/7
     0 | D:1      | magus.rc [v1.9.6]
     2 | D:1      | Learned a level 1 spell: Sting
     6 | D:1      | Noticed an electric eel
    43 | D:1      | Reached skill level 1 in Stealth
   283 | D:1      | Reached skill level 2 in Stealth
   286 | D:1      | Reached XP level 2. HP: 7/15 MP: 0/9
   661 | D:1      | You add the spells Dazzling Flash, Summon Guardian Golem,
                  | Anguish, Silence and Alistair's Intoxication to your
                  | library.
   661 | D:1      | Got Sif Muna's Discourse on Transfiguration and the Oath
                  | {@e2}
   682 | D:1      | Reached skill level 3 in Stealth
  1160 | D:1      | Reached XP level 3. HP: 19/19 MP: 8/10
  1606 | D:2      | Reached skill level 4 in Stealth
  1955 | D:2      | Learned a level 1 spell: Foxfire
  2020 | D:2      | You pick up a book of Callings and begin reading...
  2020 | D:2      | You add the spells Summon Small Mammal and Call Canine
                  | Familiar to your library.
  2232 | D:2      | Reached skill level 5 in Spellcasting
  2304 | D:2      | Reached XP level 4. HP: 24/24 MP: 8/13
  2574 | D:2      | Reached skill level 1 in Fire Magic
  2822 | D:2      | HP: 5/24 [iguana (7)]
  2823 | D:2      | Mangled by an iguana

Vanquished Creatures
  2 adders (D:2)
  4 worms (D:2)
  4 endoplasms
  2 giant cockroaches (D:2)
  4 goblins
  5 hobgoblins (D:2)
  10 jackals (D:1)
  3 quokkas
  A ball python (D:2)
  2 bats (D:1)
  2 frilled lizards (D:1)
  8 kobolds
  2 rats
49 creatures vanquished.

Vanquished Creatures (others)
  55 foxfires (D:2)
55 creatures vanquished.

Grand Total: 104 creatures vanquished

Table legend:
 A = Non-vault XP
 B = Vault XP
 C = Vault XP percentage of total XP
 D = Non-vault monster count
 E = Vault monster count
 F = Vault count percentage of total count
                 A         B        C        D         E       F
            +---------+---------+-------+---------+---------+-------
      Total |     100 |      18 |  15.3 |      45 |       4 |   8.2
            +---------+---------+-------+---------+---------+-------
        D:1 |      47 |       0 |   0.0 |      29 |       0 |   0.0
        D:2 |      53 |      18 |  25.4 |      16 |       4 |  20.0
            +---------+---------+-------+---------+---------+-------

Skill      XL: |  1  2  3  4 |
---------------+-------------+-----
Stealth        | 2 3 4 |  4.0
Spellcasting   | 5 |  5.3
Fire Magic     | 1 |  1.0
Throwing       | |  1.0
Dodging        | |  1.2
Poison Magic   | |  4.3
Evocations     | |  1.1

Action                     |  1- 3 |  4- 6 || total
---------------------------+-------+-------++-------
  Melee: Dagger            |    10 |     1 ||    11
         Punch             |     1 |       ||     1
   Cast: Sting             |    93 |       ||    93
         Foxfire           |     6 |    31 ||    37
 Armour: Robe              |    16 |       ||    16
  Dodge: Dodged            |    28 |     5 ||    33

Illustrated notes

Table legend:
 A = Kills in this place as a percentage of kills in the entire game.
 B = Kills by you in this place as a percentage of kills by you in the entire game.
 C = Kills by friends in this place as a percentage of kills by friends in the entire game.
 D = Other kills in this place as a percentage of other kills in the entire game.
 E = Experience gained in this place as a percentage of experience gained in the entire game.
 F = Experience gained in this place divided by the number of levels of this place that you have seen.
                   A       B       C       D       E      F
               +-------+-------+-------+-------+-------+----------------------
         Total | 100.0 | 100.0 |   N/A |   N/A | 100.0 |  59.0
       Dungeon | 100.0 | 100.0 |   N/A |   N/A | 100.0 |  59.0
               +-------+-------+-------+-------+-------+----------------------

Table legend: (Time is in decaauts)
 A = Elapsed time spent in this place.
 B = Non-inter-level travel time spent in this place.
 C = Inter-level travel time spent in this place.
 D = Time resting spent in this place.
 E = Time spent auto-exploring this place.
 F = Levels seen in this place.
 G = Mean time per level.
                   A        B        C        D        E       F      G
               +--------+--------+--------+--------+--------+-----+--------+
         Total |   2821 |   2805 |     16 |    121 |   2356 |   2 | 1410.5 |
       Dungeon |   2821 |   2805 |     16 |    121 |   2356 |   2 | 1410.5 |
               +--------+--------+--------+--------+--------+-----+--------+

Top non-repeatable levels by time:
     D:1: 1566 daAuts
     D:2: 1255 daAuts
